 Dungeon Crawl Stone Soup version 0.28.0-53-g5a82cb258f (webtiles) character file.

Game seed: 8687820687036324362

88 Iusername the Skirmisher (level 4, -6/37 HPs)
             Began as a Human Fighter on Aug 23, 2022.
             Mangled by an iguana (10 damage)
             ... on level 4 of the Dungeon.
             The game lasted 00:03:37 (5233 turns).

Iusername the Skirmisher (Human Fighter)            Turns: 5233, Time: 00:03:38

Health: -6/37      AC:  6    Str: 18    XL:     4   Next: 82%
Magic:  4/4        EV:  9    Int:  9    God:
Gold:   93         SH:  0    Dex: 12    Spells: 3/3 levels left

rFire   . . .      SeeInvis .   a - +0 war axe
rCold   . . .      Faith    .   k - orb {mayhem}
rNeg    . . .      Spirit   .   b - +0 scale mail
rPois   .          Reflect  .   (no helmet)
rElec   .          Harm     .   (no cloak)
rCorr   +          Rampage  .   (no gloves)
Will    .....                   (no boots)
Stlth   ..........              (no amulet)
HPRegen 0.12/turn               m - ring of resist corrosion
MPRegen 0.09/turn               (no ring)

@: no status effects
A: no striking features
a: no special abilities


You were on level 4 of the Dungeon.
You visited 1 branch of the dungeon, and saw 4 of its levels.

You collected 93 gold pieces.

Inventory:

Hand Weapons
 a - a +0 war axe (weapon)
Armour
 b - a +0 scale mail (worn)
 c - a +0 buckler
 k - an orb of mayhem (worn)
Jewellery
 m - a ring of resist corrosion (left hand)
Scrolls
 g - 2 scrolls of teleportation {unknown}
 h - a scroll of magic mapping {unknown}
 i - a scroll of torment {unknown}
 j - a scroll of vulnerability {unknown}
 l - 2 scrolls of identify {unknown}
 n - a scroll of acquirement {unknown}
 o - a scroll of noise {unknown}
 q - 2 scrolls of fear {unknown}
 r - a scroll of fog {unknown}
 s - a scroll of silence {unknown}
 w - a scroll of brand weapon {unknown}
Potions
 d - 2 potions of might
 e - 2 potions of brilliance {unknown}
 f - 2 potions of cancellation {unknown}
 p - 2 potions of degeneration {unknown}
 t - a potion of invisibility {unknown}
 u - a potion of resistance {unknown}
 v - a potion of attraction {unknown}


   Skills:
 + Level 3.6 Fighting
 + Level 2.8 Axes
 + Level 3.6 Armour
 + Level 3.6 Shields


You had 3 spell levels left.
You didn't know any spells.
Your spell library was empty.

Dungeon Overview and Level Annotations

Branches:
Dungeon (4/15)
 Temple: D:4-7

Altars:
Ashenzari
Zin
The Shining One


Message History

Found a leather armour.
Found a stone staircase leading down.
You see here a +0 leather armour.
There is a stone staircase leading down here.
d - 2 potions of might (gained 1)
You open the door.
There is an open door here.
You open the door.
An iguana comes into view.
The iguana hisses angrily.
An iguana is nearby!
Found a glowing golden altar of the Shining One.
There is an open door here.
Found a robe.
The iguana barely misses you.
You barely miss the iguana. The iguana closely misses you.
You barely miss the iguana.
The iguana bites you but does no damage. x2
You hit the iguana but do no damage. The iguana bites you!
You hit the iguana.
The iguana is lightly wounded.
The iguana bites you.
You closely miss the iguana.
The iguana is lightly wounded.
The iguana bites you! The iguana completely misses you.
You are too injured to fight recklessly!
You are too injured to fight recklessly!
You are too injured to fight recklessly!
You are too injured to fight recklessly!
Found 12 gold pieces.
The iguana barely misses you.
You closely miss the iguana.
The iguana is lightly wounded.
The iguana bites you!
* * * LOW HITPOINT WARNING * * *
You barely miss the iguana.
The iguana is lightly wounded.
The iguana bites you.
* * * LOW HITPOINT WARNING * * *
You closely miss the iguana.
The iguana is lightly wounded.
The iguana bites you!
You die...

#.......#....#.....#
#.......+....'.....#
#.......#....#.....#
#.......#....#.....#
####...##...##.....#
##+###...####+###
+.....#.....#
#.....'.....#
#.....#.@...#
#.....#.l...#
#.....#.....#
##...####..## #...#
..# .... [.. ..#._
.... $....


You could see an iguana.

Vanquished Creatures
  5 adders
  3 dart slugs
  A bat (D:1)
  An endoplasm (D:3)
  2 giant cockroaches
  5 hobgoblins
  2 jackals (D:1)
  3 quokkas
  2 ball pythons (D:3)
  6 frilled lizards
  2 goblins
  4 kobolds
  3 rats
39 creatures vanquished.

Notes
Turn   | Place    | Note
-------+----------+-------------------------------------------
     0 | D:1      | Iusername the Human Fighter began the quest for the Orb.
     0 | D:1      | Reached XP level 1. HP: 18/18 MP: 1/1
   278 | D:1      | Reached XP level 2. HP: 22/24 MP: 2/2
  1078 | D:2      | Reached XP level 3. HP: 9/29 MP: 3/3
  1971 | D:2      | Found a faded altar of an unknown god.
  3113 | D:2      | Reached XP level 4. HP: 9/35 MP: 4/4
  4188 | D:3      | Found a broken altar of Ashenzari.
  5176 | D:4      | Found a glowing silver altar of Zin.
  5223 | D:4      | Found a glowing golden altar of the Shining One.
  5233 | D:4      | Mangled by an iguana

Illustrated notes

Levels and vault maps discovered:
D:1:      matt_arrival_refuge, layout_basic, chequers_serial_rivers_small_3,
          kennysheep_doodads, st_stairs_13
D:2:      layout_basic, shapermc_ecumenical_altar_ellora
D:3:      layout_basic, evilmike_ruin_ashenzari
D:4:      layout_gridville, lemuel_tele_altar, mainiacjoe_overflow_tiny_flanked,
          temple_green, ebering_ghost_rock_garden, abandoned_shop, sigmund_army

Action                   |  1- 3 |  4- 6 || total
-------------------------+-------+-------++-------
Melee: War axe           |    81 |    53 ||   134
Armor: Scale mail        |    45 |    36 ||    81
Dodge: Dodged            |    52 |    31 ||    83
Block: Buckler           |     8 |       ||     8
